 Dungeon Crawl Stone Soup version 0.29.0-4-gdea44cf6ec (webtiles) character file.

Game seed: 18352852466500268076

1467 qw the Grappler (level 8, 0/75 HPs)
             Began as a Troll Cinder Acolyte on Sept 3, 2022.
             Was a Priest of Ignis.
             Succumbed to a killer bee's poison
             ... on level 6 of the Dungeon.
             The game lasted 00:02:24 (4407 turns).

qw the Grappler (Troll Cinder Acolyte)              Turns: 4407, Time: 00:02:24

Health: 0/75       AC: 11    Str: 25    XL:     8   Next: 48%
Magic:  8/8        EV:  9    Int: 10    God:    Ignis [***...]
Gold:   290        SH:  0    Dex:  5    Spells: 9/9 levels left

rFire   + . .      SeeInvis .     - Unarmed
rCold   . . .      Faith    .   (no shield)
rNeg    . . .      Spirit   .   a - +0 robe
rPois   .          Reflect  .   (helmet restricted)
rElec   .          Harm     .   (no cloak)
rCorr   +          Rampage  .   (gloves unavailable)
Will    .....                   (boots unavailable)
Stlth   +.........              (no amulet)
HPRegen 1.02/turn               e - ring of resist corrosion
MPRegen 0.11/turn               (no ring)

@: lethally poisoned (0 -> -20), fiery-armoured
A: large, unfitting armour, claws 3, regeneration 1, shaggy fur 1, tough skin 1
a: Renounce Religion, Fiery Armour, Foxfire Swarm, Rising Flame


You were on level 6 of the Dungeon.
You worshipped Ignis.
Ignis was most pleased with you.
You visited 1 branch of the dungeon, and saw 6 of its levels.

You collected 290 gold pieces.


Innate Abilities, Weirdness & Mutations

You are too large for most types of armour.
You have claws for hands.
Your natural rate of healing is unusually fast.
You are covered in fur. (AC +1)
You have tough skin. (AC +1)


   Skills:
 + Level 3.4 Fighting
 - Level 2.0 Throwing
 - Level 1.9 Dodging
 - Level 10.0 Unarmed Combat
 - Level 1.0 Spellcasting
 - Level 2.1 Fire Magic


You had 9 spell levels left.
You didn't know any spells.
Your spell library contained the following spells:

 Spells                   Type           Power      Damage    Failure   Level
 Scorch                   Fire           8%         2d5       22%         2

Inventory:

Missiles
 d - 6 boomerangs (quivered)
Armour
 a - a +0 robe (worn)
Jewellery
 e - a ring of resist corrosion (left claw)
Scrolls
 h - 5 scrolls of identify
 j - a scroll of blinking {unknown}
Potions
 b - 4 potions of might
 c - a potion of cancellation
 f - a potion of ambrosia {unknown}
 g - a potion of resistance {unknown}
 k - 3 potions of curing
 l - a potion of haste

Dungeon Overview and Level Annotations

Branches:
Dungeon (6/15)             Temple (0/1) D:6

Altars:
Makhleb
Sif Muna

Annotations:
D:3 1 transporter, qw's ghost, amateur OgEn


Message History

The killer bee poisons you!
You miss the killer bee. Your claw misses the killer bee.
The killer bee is lightly wounded.
You feel very sick. The killer bee stings you. x2
You are more poisoned.
The killer bee poisons you! The killer bee stings you!
The killer bee stings you.
You are more poisoned.
The killer bee poisons you! The killer bee stings you. x2
4405 ||| DRINKING potion of heal wounds.
You feel much better.
You feel very sick. The killer bee barely misses you.
The killer bee stings you.
The killer bee stings you but does no damage.
The killer bee stings you. The killer bee closely misses you.
The killer bee stings you.
You are lethally poisoned!
The killer bee poisons you!
4406 ||| INVOKING Fiery Armour.
A protective cloak of flame settles atop you.
You feel very sick. The killer bee stings you.
The killer bee is burned by your cloak of flames.
The killer bee is heavily wounded.
The killer bee stings you.
You are more poisoned.
The killer bee poisons you!
The killer bee is burned by your cloak of flames.
The killer bee is moderately wounded.
The killer bee stings you but does no damage.
The killer bee is burned by your cloak of flames.
The killer bee is moderately wounded.
The killer bee stings you but does no damage.
The killer bee is burned by your cloak of flames.
The killer bee is moderately wounded.
The killer bee closely misses you. x2
You completely miss the killer bee.
The killer bee is heavily wounded.
You die...

#.##.##.##.#####.##.# #.##.##
#.#.........#....##.####.%#..#
#.............#####...##.##.##
#.#..}...}..#.# #####..#..#.
#.#.........#.# ##.##.##
#......>......# ######.##.##.
## #.#.........###
#.......#.... .#
#.#..}...}..#### #....########
.# #...........y@y# #..### .#
###.........##y# #### .##
##.##.##.## y# ..# #..#..##..
.) ..####.##.##### ...
..##.........# ##.#
..##.#######<# .# ..##.#####
.# #........#


You could see 4 killer bees.

Vanquished Creatures
  A steam dragon (D:6)
  3 black bears
  4 ogres
  A gnoll sergeant (D:6)
  A killer bee (D:6)
  A howler monkey (D:6)
  3 hounds
  A jelly (D:5)
  An orc priest (D:6)
  A gnoll bouda (D:5)
  4 iguanas
  An orc wizard (D:6)
  A hound zombie (D:3)
  5 adders
  11 gnolls
  A shadow imp (D:5)
  2 white imps (D:6)
  An ufetubus (D:6)
  2 worms
  A dart slug (D:4)
  11 orcs
  9 bats
  11 endoplasms
  5 giant cockroaches (D:1)
  8 goblins
  9 hobgoblins
  7 jackals
  A kobold (D:2)
  6 quokkas
  5 ball pythons
  4 frilled lizards
  A quokka skeleton (D:3)
  5 rats
128 creatures vanquished.

Notes
Turn   | Place    | Note
-------+----------+-------------------------------------------
     0 | D:1      | qw the Troll Cinder Acolyte began the quest for the Orb.
     0 | D:1      | Reached XP level 1. HP: 22/22 MP: 1/1
     0 | D:1      | 0 ||| qw: Version: 0.1-a-102-g441f92d
     0 | D:1      | 0 ||| qw: Game counter: 5221
     0 | D:1      | 0 ||| qw: Always use a shield: true
     0 | D:1      | 0 ||| qw: God list: Okawaru
     0 | D:1      | 0 ||| qw: Allow faded altars: false
     0 | D:1      | 0 ||| qw: Do Orc after D:15 true
     0 | D:1      | 0 ||| qw: Do second Lair branch before Depths: true
     0 | D:1      | 0 ||| qw: Lair rune preference: random
     0 | D:1      | 0 ||| qw: Plans: Normal
     0 | D:1      | 0 ||| PLANNING D:1-11
    70 | D:1      | Found a faded altar of an unknown god.
   115 | D:1      | 115 ||| Stepping ~*~*~tactically~*~*~ (stealth).
   119 | D:1      | 119 ||| Stepping ~*~*~tactically~*~*~ (stealth).
   150 | D:1      | Reached XP level 2. HP: 29/29 MP: 2/2
   155 | D:1      | 155 ||| Stepping ~*~*~tactically~*~*~ (stealth).
   226 | D:1      | Reached skill level 4 in Unarmed Combat
   555 | D:1      | Reached XP level 3. HP: 36/36 MP: 3/3
   876 | D:1      | 876 ||| READING 2 scrolls labelled SECITR RAYT ZETS.
   877 | D:1      | 877 ||| READING scroll labelled GECKEWIFOMM.
   880 | D:1      | 880 ||| READING scroll labelled XAARCH FUIQATOE.
   981 | D:1      | 981 ||| READING 2 scrolls labelled VUOCVE ALLIFOA.
   982 | D:1      | 982 ||| READING scroll labelled NUTOLADD EPRIK.
   983 | D:1      | 983 ||| READING 2 scrolls labelled ZOPTOPLEUJ.
   984 | D:1      | 984 ||| DROPPING scroll of immolation.
   985 | D:1      | 985 ||| DROPPING scroll of vulnerability.
  1240 | D:2      | 1240 ||| Stepping ~*~*~tactically~*~*~ (stealth).
  1242 | D:2      | 1242 ||| Stepping ~*~*~tactically~*~*~ (stealth).
  1250 | D:2      | 1250 ||| FLEEEEING.
  1622 | D:2      | 1622 ||| DRINKING 2 metallic orange potions.
  1623 | D:2      | 1623 ||| DRINKING 2 amethyst potions.
  1733 | D:3      | Reached XP level 4. HP: 44/44 MP: 4/4
  1774 | D:3      | 1774 ||| Stepping ~*~*~tactically~*~*~ (stealth).
  1784 | D:3      | Reached skill level 5 in Unarmed Combat
  1855 | D:3      | 1855 ||| Stepping ~*~*~tactically~*~*~ (stealth).
  1980 | D:3      | Found a transporter.
  1982 | D:3      | Noticed an ogre
  1982 | D:3      | Noticed qw's ghost (amateur OgEn)
  1987 | D:3      | 1987 ||| Stepping ~*~*~tactically~*~*~ (stealth).
  1997 | D:3      | Noticed an ogre
  1997 | D:3      | Noticed an ogre
  2031 | D:3      | Found a shimmering blue altar of Sif Muna.
  2217 | D:3      | 2217 ||| DROPPING amulet of magic regeneration.
  2218 | D:3      | 2218 ||| READING scroll labelled FEICUG AMOKYAKK.
  2219 | D:3      | 2219 ||| READING 3 scrolls of identify.
  2219 | D:3      | 2219 ||| IDENTIFYING red potion
  2220 | D:3      | 2220 ||| READING 2 scrolls of identify.
  2220 | D:3      | 2220 ||| IDENTIFYING lumpy blue potion
  2221 | D:3      | 2221 ||| DROPPING potion of lignification.
  2248 | D:4      | 2248 ||| Stepping ~*~*~tactically~*~*~ (stealth).
  2251 | D:4      | 2251 ||| Stepping ~*~*~tactically~*~*~ (stealth).
  2253 | D:4      | 2253 ||| Stepping ~*~*~tactically~*~*~ (hiding).
  2258 | D:4      | Reached XP level 5. HP: 41/50 MP: 5/5
  2278 | D:4      | Reached skill level 6 in Unarmed Combat
  2279 | D:4      | Noticed an ogre
  2285 | D:4      | Killed an ogre
  2324 | D:4      | Noticed an ogre
  2330 | D:4      | 2330 ||| INVOKING Fiery Armour.
  2331 | D:4      | Killed an ogre
  2332 | D:4      | Reached skill level 7 in Unarmed Combat
  2332 | D:4      | Reached XP level 6. HP: 31/59 MP: 6/6
  2851 | D:4      | 2851 ||| UPGRADING to ring of resist corrosion.
  2852 | D:4      | 2852 ||| READING scroll labelled GEXKEWK ETSA.
  2853 | D:4      | 2853 ||| READING 3 scrolls of identify.
  2853 | D:4      | 2853 ||| IDENTIFYING fizzy orange potion
  2897 | D:5      | Entered Level 5 of the Dungeon
  2939 | D:5      | 2939 ||| Stepping ~*~*~tactically~*~*~ (stealth).
  2945 | D:5      | 2945 ||| Stepping ~*~*~tactically~*~*~ (outnumbered).
  2963 | D:5      | 2963 ||| Stepping ~*~*~tactically~*~*~ (stealth).
  2965 | D:5      | 2965 ||| Stepping ~*~*~tactically~*~*~ (stealth).
  2967 | D:5      | 2967 ||| INVOKING Fiery Armour.
  2974 | D:5      | 2974 ||| Stepping ~*~*~tactically~*~*~ (outnumbered).
  2981 | D:5      | Reached skill level 8 in Unarmed Combat
  2995 | D:5      | Reached XP level 7. HP: 66/66 MP: 7/7
  3008 | D:5      | 3008 ||| Stepping ~*~*~tactically~*~*~ (stealth).
  3009 | D:5      | 3009 ||| Stepping ~*~*~tactically~*~*~ (stealth).
  3024 | D:5      | 3024 ||| Stepping ~*~*~tactically~*~*~ (stealth).
  3026 | D:5      | 3026 ||| Stepping ~*~*~tactically~*~*~ (stealth).
  3030 | D:5      | 3030 ||| Stepping ~*~*~tactically~*~*~ (stealth).
  3033 | D:5      | 3033 ||| Stepping ~*~*~tactically~*~*~ (outnumbered).
  3039 | D:5      | 3039 ||| Stepping ~*~*~tactically~*~*~ (stealth).
  3121 | D:5      | 3121 ||| Stepping ~*~*~tactically~*~*~ (stealth).
  3124 | D:5      | 3124 ||| INVOKING Fiery Armour.
  3128 | D:5      | Reached skill level 3 in Fighting
  3183 | D:5      | 3183 ||| Stepping ~*~*~tactically~*~*~ (outnumbered).
  3254 | D:5      | 3254 ||| Stepping ~*~*~tactically~*~*~ (hiding).
  3462 | D:5      | Found a burning altar of Makhleb.
  3593 | D:5      | 3593 ||| READING scroll labelled LURA LUSKOIF.
  3596 | D:5      | 3596 ||| READING 3 scrolls labelled ETURUM MAYGA.
  3597 | D:5      | 3597 ||| DRINKING 2 sapphire potions.
  3755 | D:5      | 3755 ||| READING 4 scrolls of identify.
  3755 | D:5      | 3755 ||| IDENTIFYING fuming yellow potion
  3756 | D:5      | 3756 ||| DROPPING potion of berserk rage.
  3763 | D:5      | 3763 ||| DROPPING 2 scrolls of noise.
  3770 | D:6      | 3770 ||| PLANNING SEWER
  3824 | D:6      | Found a staircase to the Ecumenical Temple.
  3894 | D:6      | 3894 ||| INVOKING Fiery Armour.
  3897 | D:6      | Reached skill level 9 in Unarmed Combat
  3987 | D:6      | Reached XP level 8. HP: 71/75 MP: 8/8
  4061 | D:6      | 4061 ||| Stepping ~*~*~tactically~*~*~ (hiding).
  4064 | D:6      | 4064 ||| INVOKING Fiery Armour.
  4073 | D:6      | Reached skill level 1 in Dodging
  4193 | D:6      | 4193 ||| INVOKING Fiery Armour.
  4197 | D:6      | 4197 ||| Stepping ~*~*~tactically~*~*~ (outnumbered).
  4401 | D:6      | Reached skill level 10 in Unarmed Combat
  4404 | D:6      | HP: 14/75 [killer bee (6)]
  4405 | D:6      | 4405 ||| DRINKING potion of heal wounds.
  4406 | D:6      | 4406 ||| INVOKING Fiery Armour.
  4406 | D:6      | HP: 5/75 [killer bee (4)]
  4407 | D:6      | Succumbed to a killer bee's poison

Levels and vault maps discovered:
D:1:      evilmike_arrival_crescent, layout_basic, basic_ecumenical_altar,
          serial_park_tiny_1, minmay_indecisive_spiral
D:2:      layout_basic, hangedman_feature_mirror, grunt_ministairs_13
D:3:      layout_rooms, nicolae_sif_muna_condensation, serial_undead,
          serial_undead_b, serial_undead_b, serial_undead_f, serial_undead_e,
          gammafunk_ghost_smash, minmay_misc_feat_ornament
D:4:      layout_basic
D:5:      layout_loops_ring, lightli_temple_of_fire
D:6:      minmay_angry_zag, layout_loops_corners,
          minmay_temple_entry_large_hall, portal_sewer_entry_d,
          nicolae_shop_firing_range

Skill      XL: |  1  2  3  4  5  6  7  8 |
---------------+-------------------------+-----
Unarmed Combat | 4 5 7 8 9 10 | 10.0
Fighting       | 3 |  3.4
Throwing       | 2 |  2.0
Dodging        | 1 |  1.9
Spellcasting   | |  1.0
Fire Magic     | |  2.1

Action                   |  1- 3 |  4- 6 |  7- 9 || total
-------------------------+-------+-------+-------++-------
Melee: Unarmed           |   117 |    77 |   102 ||   296
       Punch             |     1 |     1 |     3 ||     5
Throw: Boomerang         |    21 |    58 |    17 ||    96
Invok: Fiery Armour      |       |     2 |     5 ||     7
  Use: Scroll            |     6 |     5 |     3 ||    14
       Potion            |     2 |       |     2 ||     4
Armor: Robe              |    52 |    10 |    41 ||   103
Dodge: Dodged            |    53 |    21 |    54 ||   128

Table legend:
 A = Non-vault XP
 B = Vault XP
 C = Vault XP percentage of total XP
 D = Non-vault monster count
 E = Vault monster count
 F = Vault count percentage of total count
                 A         B        C        D         E       F
            +---------+---------+-------+---------+---------+-------
      Total |    1762 |     334 |  15.9 |     112 |      16 |  12.5
            +---------+---------+-------+---------+---------+-------
        D:1 |      37 |       6 |  14.0 |      20 |       4 |  16.7
        D:2 |      43 |       7 |  14.0 |      17 |       4 |  19.0
        D:3 |      55 |      19 |  25.7 |      19 |       2 |   9.5
        D:4 |     462 |       0 |   0.0 |      16 |       0 |   0.0
        D:5 |     506 |       0 |   0.0 |      24 |       0 |   0.0
        D:6 |     659 |     302 |  31.4 |      16 |       6 |  27.3
            +---------+---------+-------+---------+---------+-------
